Cogmind - Beta 13 @@@ ROGUE MODE // 2024.04.26 @ 15:31:48 Player: e.v.o Result: Destroyed by Z-Imprinter with Zionite Laser-M Performance ------------- Evolutions (1) 500 Regions Visited (5) 1000 Robots Destroyed (43) 215 Value Destroyed (1117) 1117 Prototype IDs (4) 80 Alien Tech Used (0) 0 Bonus (600) 600 TOTAL SCORE: 3512 Bonus ------- Met Imprinter 300 Was Imprinted 300 Cogmind --------- Core Integrity 0/400 Matter 191/300 Energy 96/100 System Corruption 0% Temperature Critical (520) Movement Core (200) Ox3 Location -7/Deep Caves Parts ------- > --- POWER (1) -------- (None) > --- PROPULSION (2) --- (None) > --- UTILITY (4) ------ Small Storage Unit > --- WEAPON (2) ------- Slug Cannon > --- INVENTORY (8) ---- Hover Unit Hover Unit Hover Unit Sensor Array Heavy Beamcaster Enhanced Flamer Ripper Peak State ------------ > --- POWER ------------ Heavy Ion Engine > --- PROPULSION ------- Aluminum Leg Carbon-fiber Leg > --- UTILITY ---------- Improved Heat Sink Small Storage Unit Hardened Light Armor Plating Hacking Suite > --- WEAPON ----------- Heavy Riot Gun Ripper > --- INVENTORY -------- Hover Unit Hover Unit Hover Unit Sensor Array Heavy Beamcaster Slug Cannon Bore Cannon Enhanced Flamer [Rating: 26] Favorites ----------- Power Heavy Ion Engine Engine Heavy Ion Engine Power Core Light Nuclear Core Propulsion Aluminum Leg Leg Aluminum Leg Utility Small Storage Unit Device Improved Heat Sink Storage Small Storage Unit Hackware Hacking Suite Protection Hardened Light Armor Plating Weapon Advanced Beam Cannon Energy Gun Heavy Riot Gun Energy Cannon Advanced Beam Cannon Ballistic Gun Assault Rifle Ballistic Cannon Light Cannon Special Weapon Enhanced Flamer Slashing Weapon Ripper Build | -11 -10 -9 -9 -7 -7 ------- Run | Yrd Mat Mat Min Zio Dee Slots Evolved 2 | . . 2 . . . Power . | . . . . . . Propulsion . | . . . . . . Utility 2 | . . 2 . . . Weapon . | . . . . . . Parts Attached 49 | 6 14 23 1 2 3 Power 5 | 1 1 3 . . . Engine 4 | 1 . 3 . . . Core 1 | . 1 . . . . Reactor . | . . . . . . Propulsion 17 | 2 7 7 1 . . Treads . | . . . . . . Leg 17 | 2 7 7 1 . . Wheel . | . . . . . . Hover . | . . . . . . Flight . | . . . . . . Utility 11 | 1 3 7 . . . Device 6 | . 3 3 . . . Storage 2 | 1 . 1 . . . Processor . | . . . . . . Hackware 1 | . . 1 . . . Protection 2 | . . 2 . . . Artifact . | . . . . . . Weapon 16 | 2 3 6 . 2 3 Energy Gun 1 | . . . . . 1 Energy Cannon 7 | . 2 5 . . . Ballistic Gun 3 | 2 . 1 . . . Ballistic Cannon 3 | . 1 . . . 2 Launcher . | . . . . . . Special Weapon 1 | . . . . 1 . Impact Weapon . | . . . . . . Slashing Weapon 1 | . . . . 1 . Piercing Weapon . | . . . . . . Special Melee Weapon . | . . . . . . Unidentified Prototypes 2 | . . 2 . . . Corrupted Parts 1 | . . . 1 . . System Corruption 10 | . . . 10 . . Parts Lost 9 | . . 1 . . 8 Power 1 | . . . . . 1 Propulsion 2 | . . . . . 2 Utility 4 | . . 1 . . 3 Weapon 2 | . . . . . 2 Highest Loss Streak 7 | . . 1 . . 7 To Critical Strikes . | . . . . . . Average Slot Usage (%) 98 | . 99 98 100 100 92 Engine 8 | . 4 7 11 11 11 Core 2 | . 9 3 . . . Leg 23 | . 28 22 22 22 20 Device 14 | . 13 23 11 11 9 Storage 11 | . 14 11 11 11 11 Hackware 6 | . . 3 11 11 6 Protection 7 | . . 4 11 11 10 Energy Cannon 16 | . 17 17 22 16 . Ballistic Cannon 2 | . 8 3 . . 1 Special Weapon 1 | . . . . 2 3 Slashing Weapon 1 | . . . . 2 10 Naked Turns . | . . . . . . Heaviest Build 29 | 14 17 29 27 27 26 Greatest Support 25 | 20 20 20 25 25 25 Greatest Overweight (x) 4 | 4 . 1 1 1 1 Average Overweight (x) . | . . . 1 . . Largest Inventory Capacity 8 | 8 8 8 8 8 8 Average Capacity 7 | 7 8 8 8 8 8 Most Carried 8 | 1 8 8 8 8 8 Average Carried 7 | . 6 7 8 7 7 Final Capacity 8 | 8 8 8 8 8 8 Final Carried 8 | 1 8 8 8 8 7 Class Distribution -------------------- 77% | Scavenger-Mutant 22% | Mutant Dominant Class ---------------- Scavenger-Mutant | -10/Materials Scavenger-Mutant | -9/Materials Scavenger-Mutant | -9/Mines Scavenger-Mutant | -7/Zion Scavenger-Mutant | -7/Deep Caves Resources | -11 -10 -9 -9 -7 -7 ----------- Run | Yrd Mat Mat Min Zio Dee Matter Collected 854 | 260 216 318 10 40 10 Remotely . | . . . . . . Salvage Created 1720 | . 568 947 116 . 89 Parts 102 | . 44 50 8 . . Haulers Intercepted 3 | . 1 2 . . . Recyclers Shooed 3 | . . 2 1 . . Parts Field Recycled . | . . . . . . Retrieved Matter . | . . . . . . Parts Self-Destructed . | . . . . . . Prevented . | . . . . . . Kills | -11 -10 -9 -9 -7 -7 ------- Run | Yrd Mat Mat Min Zio Dee Combat Hostiles Destroyed 35 | . 13 14 2 . 6 Melee 3 | . . . . . 3 Guns 4 | . . 1 . . 3 Cannons 28 | . 13 13 2 . . Classes Destroyed 10 | . 5 3 1 . 1 Tunneler 1 | . . . 1 . . Hauler 3 | . 1 2 . . . Recycler 3 | . . 3 . . . Operator 3 | . 3 . . . . Watcher 4 | . 3 1 . . . Swarmer 3 | . 3 . . . . Grunt 21 | . 10 10 1 . . Brawler 2 | . . 1 1 . . Sentry 3 | . . 3 . . . Assembled 6 | . . . . . 6 Best Kill Streak 5 | . 3 5 2 . 3 Combat Bots Only 4 | . 3 4 2 . 3 Max Kills in Single Turn 2 | . 2 2 1 . 1 Gunslinging . | . . . . . . Exploded . | . . . . . . Melee 1 | . . . . . 1 Uniques/NPCs Destroyed . | . . . . . . Combat | -11 -10 -9 -9 -7 -7 -------- Run | Yrd Mat Mat Min Zio Dee Hostile Shots Fired 162 | . 36 51 6 . 69 Missed 46 | . 10 13 1 . 22 Damage Taken 2179 | . 281 538 70 . 1290 Core 450 | . 29 111 . . 310 Absorbed by Shields . | . . . . . . Regen/Repaired (Parts) 13 | . . 13 . . . Core Remaining (%) 94 | 100 88 . . . . Volleys Fired 111 | . 41 40 6 . 24 Largest 2 | . 2 2 2 . 2 Hottest 136 | . 120 136 136 . 105 Shots Fired 200 | . 82 80 12 . 26 Gun 24 | . . 16 . . 8 Cannon 175 | . 82 64 12 . 17 Launcher . | . . . . . . Special 1 | . . . . . 1 Kinetic 65 | . 23 25 . . 17 Thermal 127 | . 59 55 12 . 1 Explosive . | . . . . . . Electromagnetic 8 | . . . . . 8 Robot Hit Streak 12 | . 8 12 9 . 7 Robot Miss Streak 9 | . 5 2 1 . 9 Penetration Max . | . . . . . . Secondary Targets . | . . . . . . Shots Hit Robots 110 | . 39 49 6 . 16 Core Hits 59 | . 22 22 3 . 12 Critical Kills . | . . . . . . Critical Parts Destroyed . | . . . . . . Critical Strikes . | . . . . . . Melee Attacks 10 | . . . . . 10 Impact . | . . . . . . Slashing 10 | . . . . . 10 Piercing . | . . . . . . Sneak Attacks . | . . . . . . Combat Hostiles . | . . . . . . Follow-up Attacks . | . . . . . . Damage Inflicted 2351 | . 750 1014 164 . 423 Guns 281 | . . 176 . . 105 Cannons 1830 | . 742 838 164 . 86 Explosions . | . . . . . . Melee 222 | . . . . . 222 Ramming 8 | . 8 . . . . Kinetic 601 | . 217 298 . . 86 Thermal 1415 | . 525 716 164 . 10 Explosive . | . . . . . . Electromagnetic 105 | . . . . . 105 Impact . | . . . . . . Slashing 222 | . . . . . 222 Piercing . | . . . . . . Highest Corruption 10 | . . . 10 10 . Average Corruption 10 | . . . 10 10 . Corruption Purged . | . . . . . . Corruption Blocked . | . . . . . . Effects 11 | . . . 6 5 . Message Errors 4 | . . . 3 1 . Matter Fused 3 | . . . 1 2 . Heat Flow Errors 1 | . . . . 1 . Energy Discharges 1 | . . . 1 . . Data Loss (major) 1 | . . . 1 . . Alerts 1 | . . . . 1 . Overload Shots . | . . . . . . Overflow Damage 47 | . 19 . . . 28 Projectiles 19 | . 19 . . . . Explosions . | . . . . . . Melee 28 | . . . . . 28 Knockbacks 1 | . 1 . . . . Impact . | . . . . . . Kinetic 1 | . 1 . . . . Secondary . | . . . . . . Self-Inflicted Damage . | . . . . . . Shots . | . . . . . . Rammed . | . . . . . . Targets Rammed 3 | . 3 . . . . Kicked 3 | . 3 . . . . Crushed . | . . . . . . Highest Temperature 488 | . 300 276 186 126 488 Average Temperature 93 | . 71 72 73 66 218 Received Heat Transfer 866 | . 129 198 24 . 515 Effects 2 | . . . . . 2 Shutdowns 1 | . . . . . 1 Short Circuit 1 | . . . . . 1 Siege Activations . | . . . . . . Robots Corrupted . | . . . . . . Combat Hostiles . | . . . . . . Parts Fried . | . . . . . . Impact Corruptions . | . . . . . . Robots Melted . | . . . . . . Combat Hostiles . | . . . . . . Parts Melted 4 | . 1 2 1 . . Heat Transferred 2781 | . 1110 1295 296 . 80 Parts Sabotaged . | . . . . . . Parts Stolen . | . . . . . . Parts Stripped . | . . . . . . Power Chain Reactions . | . . . . . . Alert | -11 -10 -9 -9 -7 -7 ------- Run | Yrd Mat Mat Min Zio Dee Peak Influence 278 | . 278 233 125 . . Initial 70 | . . 42 70 . . Average 110 | . 110 125 92 . . Maximum Alert Level 1 | . 1 1 . . . Low Security (%) 80 | 100 73 77 100 . . Level 1 19 | . 26 22 . . . Level 2 . | . . . . . . Level 3 . | . . . . . . Level 4 . | . . . . . . Level 5 . | . . . . . . High Security . | . . . . . . Max Security . | . . . . . . Squads Dispatched 6 | . 4 2 . . . Investigation 2 | . 1 1 . . . Extermination . | . . . . . . Reinforcement 4 | . 3 1 . . . Assault . | . . . . . . Garrison . | . . . . . . Intercept . | . . . . . . Searches Triggered . | . . . . . . Construction Impeded . | . . . . . . Haulers Reinforced . | . . . . . . Active Scanning Responses . | . . . . . . Cargo Convoy Interrupts . | . . . . . . Stealth | -11 -10 -9 -9 -7 -7 --------- Run | Yrd Mat Mat Min Zio Dee Distress Signals 1 | . . 1 . . . Communications Jammed . | . . . . . . Distress Signals . | . . . . . . Times Spotted 55 | . 24 20 2 . 9 Peak Tracking Total 5 | . 5 5 2 . 3 Tactical Retreats 1 | . 1 . . . . Traps | -11 -10 -9 -9 -7 -7 ------- Run | Yrd Mat Mat Min Zio Dee Traps Triggered 1 | . . 1 . . . Indirectly . | . . . . . . Trap Hack Attempts . | . . . . . . Triggered . | . . . . . . Disarmed . | . . . . . . Reprogrammed . | . . . . . . Reused . | . . . . . . Traps Extracted . | . . . . . . Installed . | . . . . . . Triggered . | . . . . . . Machines | -11 -10 -9 -9 -7 -7 ---------- Run | Yrd Mat Mat Min Zio Dee Machines Disabled 1 | . 1 . . . . Max in Single Turn 1 | . 1 . . . . Machines Repaired . | . . . . . . Machines Dismantled . | . . . . . . Machines Sabotaged . | . . . . . . Overloaded Fab Kills . | . . . . . . Hacking | -11 -10 -9 -9 -7 -7 --------- Run | Yrd Mat Mat Min Zio Dee Machines Accessed 8 | . 4 4 . . . Terminals 7 | . 4 3 . . . Fabricators . | . . . . . . Repair Stations 1 | . . 1 . . . Recycling Units . | . . . . . . Scanalyzers . | . . . . . . Garrison Access . | . . . . . . Total Hacks 25 | . 11 14 . . . Successful 13 | . 6 7 . . . Failed 12 | . 5 7 . . . Catastrophic 3 | . 3 . . . . Database Lockouts . | . . . . . . Manual 7 | . . . . 7 . Terminals 21 | . 11 10 . . . Fabricators . | . . . . . . Repair Stations 4 | . . 4 . . . Recycling Units . | . . . . . . Scanalyzers . | . . . . . . Garrison Access . | . . . . . . Terminal Hacks 11 | . 6 5 . . . Robot Analysis 3 | . 2 1 . . . Prototype ID Bank 1 | . . 1 . . . Emergency Access Points 1 | . . 1 . . . Unreport Threat 2 | . 2 . . . . Hauler Manifests 1 | . 1 . . . . Zone Layout 3 | . 1 2 . . . Fabricator Hacks . | . . . . . . Repair Station Hacks 2 | . . 2 . . . Scan Component 1 | . . 1 . . . Repair 1 | . . 1 . . . Recycling Unit Hacks . | . . . . . . Scanalyzer . | . . . . . . Garrison Access Hacks . | . . . . . . Unauthorized Hacks . | . . . . . . Terminals . | . . . . . . Fabricators . | . . . . . . Repair Stations . | . . . . . . Recycling Units . | . . . . . . Scanalyzers . | . . . . . . Garrison Access . | . . . . . . Data Cores Recovered . | . . . . . . Used . | . . . . . . Hacking Detections 7 | . 4 3 . . . Full Trace Events 3 | . 1 2 . . . Feedback Events . | . . . . . . Feedback Blocked . | . . . . . . Robot Schematics Acquired . | . . . . . . Robots Built . | . . . . . . Authchips . | . . . . . . Time . | . . . . . . Total Robot Build Rating . | . . . . . . Part Schematics Acquired . | . . . . . . Parts Built . | . . . . . . Authchips . | . . . . . . Time . | . . . . . . Total Part Build Rating . | . . . . . . Parts Repaired 1 | . . 1 . . . Time 38 | . . 38 . . . Parts Recycled . | . . . . . . Recycled Matter . | . . . . . . Retrieved Matter . | . . . . . . Retrieved Components . | . . . . . . Parts Scanalyzed . | . . . . . . Part Schematics Acquired . | . . . . . . Parts Damaged . | . . . . . . Bothacking | -11 -10 -9 -9 -7 -7 ------------ Run | Yrd Mat Mat Min Zio Dee Used RIF Installer . | . . . . . . Robots Hacked . | . . . . . . Non-combat . | . . . . . . Combat . | . . . . . . Robot Hacks Applied . | . . . . . . Relay Couplers Released . | . . . . . . Fabnet Peak Effective % . | . . . . . . Robots Rewired . | . . . . . . Allies Hacked . | . . . . . . Hacks Repelled . | . . . . . . Allies | -11 -10 -9 -9 -7 -7 -------- Run | Yrd Mat Mat Min Zio Dee Total Allies 4 | . . . . 4 . Largest Group 4 | . . . . 4 1 Highest-Rated Group 153 | . . . . 153 38 Highest-Rated Ally 39 | . . . . 39 38 Total Orders . | . . . . . . Ally Attacks . | . . . . . . Total Damage . | . . . . . . Kills . | . . . . . . Allies Corrupted . | . . . . . . Allies Melted . | . . . . . . Intel | -11 -10 -9 -9 -7 -7 ------- Run | Yrd Mat Mat Min Zio Dee Robot Analysis Total 3 | . 2 1 . . . Derelict Logs Recovered . | . . . . . . Drone Launches . | . . . . . . Drone Recoveries . | . . . . . . Exploration | -11 -10 -9 -9 -7 -7 ------------- Run | Yrd Mat Mat Min Zio Dee Turns Passed 4196 | 73 846 971 421 1600 285 Spaces Moved 2313 | 45 543 430 212 955 128 Core 17 | 17 . . . . . Treads . | . . . . . . Legs 2296 | 28 543 430 212 955 128 Wheels . | . . . . . . Hover . | . . . . . . Flight . | . . . . . . Fastest Speed 50 | 50 120 120 190 120 120 Average Speed 155 | 142 120 162 190 165 161 Slowest Speed 250 | 250 120 190 190 190 190 Overloaded Moves . | . . . . . . Propulsion Burnouts . | . . . . . . Robots Hopped . | . . . . . . Cave-ins Triggered . | . . . . . . Exploration Rate (%) 48 | 4 85 41 51 87 22 Regions Visited 5 Branch Regions 3 Pre-discovered Areas . | . . . . . . Known Exits Taken . | . . . . . . Unknown Exits Taken 5 | 1 1 1 1 1 . Scrap Searched 3 | . . . 1 2 . Spaces Dug . | . . . . . . Terrain Destroyed 9 | . . . . . 9 Melee . | . . . . . . Projectile 9 | . . . . . 9 AOE . | . . . . . . Terrain Rammed . | . . . . . . Walls Destroyed . | . . . . . . Machines Disabled . | . . . . . . Actions | -11 -10 -9 -9 -7 -7 --------- Run | Yrd Mat Mat Min Zio Dee Total 2699 | 51 661 629 219 974 165 Wait 141 | . 28 106 . 7 . Move 2308 | 44 542 429 211 954 128 Hop . | . . . . . . Pick Up 31 | 1 15 10 . 5 . Fast Attach 14 | 6 2 5 . 1 . Attach 4 | . . 2 . 1 1 Detach . | . . . . . . Swap 31 | . 12 16 1 . 2 Drop 46 | . 18 21 1 6 . Fire 111 | . 41 40 6 . 24 Melee 10 | . . . . . 10 Ram . | . . . . . . Kick 3 | . 3 . . . . Crush . | . . . . . . Escape Stasis . | . . . . . . Rewire . | . . . . . . Trap . | . . . . . . Miscellaneous . | . . . . . . Route ------- -11/Scrapyard -10/Materials (discovered 4 exits: *Mat x2 / [*Min x2]) -9/Materials (discovered 2 exits: [*Min x2]) -9/Mines -7/Zion -7/Deep Caves History --------- Turn | Location | Event 13 | -11/Scrapyard | Discovered new exit (range 16) 74 | -11/Scrapyard | Entered Materials 302 | -10/Materials | Build established: Mutant 470 | -10/Materials | Discovered new exit (range 13) 635 | -10/Materials | Discovered new exit (range 16) 672 | -10/Materials | Build established: Scavenger-Mutant 763 | -10/Materials | Discovered new exit (range 13) 823 | -10/Materials | Discovered new exit (range 16) 920 | -10/Materials | Entered another Materials area 920 | -9/Materials | Evolved 2 slots: Utility x2 1125 | -9/Materials | Discovered new exit (range 15) 1136 | -9/Materials | Build established: Mutant 1472 | -9/Materials | Discovered new exit (range 12) 1704 | -9/Materials | Repaired Imp. Heat Sink 1891 | -9/Materials | Entered Mines 1909 | -9/Mines | Met a Derelict bent on vengeance 2017 | -9/Mines | Build established: Scavenger-Mutant 2129 | -9/Mines | System corruption reached 10% 2279 | -9/Mines | A Derelict revealed a hidden shortcut to a safe place 2312 | -9/Mines | Entered Zion 2326 | -7/Zion | Given A8's code to call for help 2387 | -7/Zion | Acquired unknown access codes intercepted by a Zionite 2419 | -7/Zion | System corruption cleaned by Quarantine Array 3081 | -7/Zion | Imprinted 3083 | -7/Zion | Declared Zion's savior 3851 | -7/Zion | Learned Factory terminal intel 3885 | -7/Zion | Opened final containment barrier to the Deep Caves 3903 | -7/Zion | Discovered new exit (range 3) 3903 | -7/Zion | Saw the warning signs outside the Deep Caves entrance 3912 | -7/Zion | Entered Deep Caves 3912 | -7/Deep Caves | Accompanied by 4 allies 4162 | -7/Deep Caves | Attacked by Z-Imprinter 4172 | -7/Deep Caves | Core integrity fell below 50% 4174 | -7/Deep Caves | Z-Facility disabled 4195 | -7/Deep Caves | Core integrity fell below 20% 4197 | -7/Deep Caves | Destroyed by Z-Imprinter with Zionite Laser-M Last Messages --------------- 04074_ as-21804 destroyed. 04084_ Hacking Suite destroyed. 04088_ as-68356 destroyed. 04090_ as-64283 shuts down. 04090_ as-64283 destroyed. 04146_ NEW_ZION: Z-Facility proximity alert. 04161_ Imp. Heat Sink destroyed. 04161_ Hvy. Riot Gun destroyed. Z-Imprinter: GET AWAY FROM HERE! I've worked too hard for our future just to have you ruin everything! 04174_ Z-Facility disabled. 04178_ Aluminum Leg destroyed. 04181_ Carbon-fiber Leg destroyed. 04184_ Hrd. Light Armor Plating destroyed. 04191_ Bore Cannon broken. 04191_ Overheating: Short circuit. 04191_ Broken Bore Cannon destroyed. 04193_ Power failure, Hvy. Ion Engine shutdown. 04194_ Hvy. Ion Engine destroyed. Map ----- +----------------------------------------------------+ | | | | | | | | | | | | | | | | | | | | | | | | | | | | | | | | | | | ?????????????????????????????????????????????????? | | ??????????##############?????????????????????????? | | ?????????## ##???????????????????????? | | ????????? #????###????????????????? | | ???????? ###### ##?????######????? | | ???????? ## # #???### ##???? | | ???????? ##### #???? | | ???????? #???? | | ???????? @ #???# | | ????????? #????# | | ????????? z% #????# | | ??????????"" """ I % ##???# | | ???????????""""""""" z ##### | | ??????????????""""""" | | ?????????????????"""" | | ?????????????????" | | ??????????????????""" ### | | ?????????????????"""" ###?? | | ???????????????????"" ##???? | | ???????????????????"" #????# | | ???????????????????? #????# | | ???????????????????? ????# | | ????????????????????? #???# | | ??????????????????????? #???# | | ???????????????????????????? ##???# | | ??????????????????????????????? #????? | | ?????????????????????????????????? ????? | | ???????????????????????????????????? ????? | | ??????????????????????????????????????? ?????? | | ?????????????????????????????????????????????????? | | ?????????????????????????????????????????????????? | | ?????????????????????????????????????????????????? | | ?????????????????????????????????????????????????? | +----------------------------------------------------+ Best States ------------- Heat Dissipation 42 Energy Generation 14 Energy Capacity 280 Matter Stores 300 Matter Capacity 300 Sight Range 16 Robot Scan Range 14 Terrain Scan Density 10 ECM Strength 1 Armor Coverage 150 Evasion (%) 55 Offensive Hacking 10 Item Schematics ----------------- None Robot Schematics ------------------ None Fabricated ------------ Nothing Alien Tech Used ----------------- None Achievements -------------- Adventurer Signs Are For Wimps The One Challenges ------------ None Game ------ Seed ChromaticNuclearRecalibrator Manual? 0 Play Time 00:31:14 Cumulative 47.9 hours Start 2024.04.26 @ 15:03:04 End 2024.04.26 @ 15:31:48 Sessions 1 Manual Loads 0 Difficulty Rogue Special Mode None Game No. 77 Rogue 61 Adventurer 16 Explorer 0 Win Type - Total 0 Types 0/0/0/0/0/0/0/0/0 Lore% 16 Gallery% 34 Achievement% 26 Wizard Run 0 Options --------- Layout 2 ASCII 0 Keyboard 0 Movement Mouse Keybinds 0 Fullscreen 2 Font 24/Smallcaps Map View 50x44 Zoom Use 0% Tactical HUD 1 Map Filters NONE Filters NONE Steam 1 RUN: ebc102cb-48be-4dcf-8457-110d9b2453d1